Cogmind - Beta 13 @@@ ROGUE MODE // 2024.06.02 @ 19:50:13 Player: Sionnis Result: Destroyed by Autobeam Turret with Autobeam Performance ------------- Evolutions (0) 0 Regions Visited (3) 600 Robots Destroyed (26) 130 Value Destroyed (539) 539 Prototype IDs (10) 200 Alien Tech Used (0) 0 Bonus (-140) -140 TOTAL SCORE: 1329 Bonus ------- Friendly Fire -140 Cogmind --------- Core Integrity 0/250 Matter 300/300 Energy 100/100 System Corruption 0% Temperature Cool (24) Movement Rolling (95) Location -10/Subcaves Parts ------- > --- POWER (1) -------- (None) > --- PROPULSION (2) --- Wheel Subdweller Monowheel > --- UTILITY (2) ------ Large Storage Unit Signal Interpreter > --- WEAPON (2) ------- Subdweller Laser Shotgun > --- INVENTORY (15) --- Light Ion Engine Light Ion Engine Wheel Wheel Wheel Subdweller Laser Shotgun Shotgun Subdweller Machine Gun Barrage Gun Heavy Battle Rifle Battle Cannon Subdweller Shrapnel Launcher Makeshift Sword Peak State ------------ > --- POWER ------------ Subdweller Power Source > --- PROPULSION ------- Wheel Subdweller Monowheel > --- UTILITY ---------- Large Storage Unit Targeting Computer > --- WEAPON ----------- Subdweller Laser Subdweller Laser > --- INVENTORY -------- Light Ion Engine Light Ion Engine Light Ion Engine Wheel Wheel Wheel Signal Interpreter Shotgun Shotgun Shotgun Shotgun Heavy Battle Rifle Battle Cannon Subdweller Shrapnel Launcher Makeshift Sword [Rating: 13] Favorites ----------- Power Light Ion Engine Engine Light Ion Engine Propulsion Wheel Wheel Wheel Utility Large Storage Unit Storage Large Storage Unit Processor Targeting Computer Weapon Subdweller Laser Energy Gun Subdweller Laser Energy Cannon Subdweller Beam Cannon Ballistic Gun Shotgun Special Weapon Multitool Build | -11 -10 -10 -10 ------- Run | Yrd Mat Min Sub Slots Evolved . | . . . . Power . | . . . . Propulsion . | . . . . Utility . | . . . . Weapon . | . . . . Parts Attached 26 | 3 4 . 19 Power 5 | 1 . . 4 Engine 5 | 1 . . 4 Core . | . . . . Reactor . | . . . . Propulsion 6 | 2 . . 4 Treads . | . . . . Leg . | . . . . Wheel 6 | 2 . . 4 Hover . | . . . . Flight . | . . . . Utility 4 | . 2 . 2 Device . | . . . . Storage 1 | . 1 . . Processor 3 | . 1 . 2 Hackware . | . . . . Protection . | . . . . Artifact . | . . . . Weapon 11 | . 2 . 9 Energy Gun 3 | . . . 3 Energy Cannon 2 | . . . 2 Ballistic Gun 5 | . 2 . 3 Ballistic Cannon . | . . . . Launcher . | . . . . Special Weapon 1 | . . . 1 Impact Weapon . | . . . . Slashing Weapon . | . . . . Piercing Weapon . | . . . . Special Melee Weapon . | . . . . Unidentified Prototypes . | . . . . Parts Lost 7 | . . . 7 Power 2 | . . . 2 Propulsion 3 | . . . 3 Utility 1 | . . . 1 Weapon 1 | . . . 1 Highest Loss Streak 4 | . . . 4 To Critical Strikes . | . . . . Average Slot Usage (%) 97 | . 90 100 98 Engine 13 | . 14 14 13 Wheel 27 | . 28 28 27 Storage 13 | . 11 14 14 Processor 12 | . 10 14 13 Energy Gun 11 | . . . 17 Energy Cannon 4 | . . . 6 Ballistic Gun 11 | . 25 28 3 Naked Turns . | . . . . Heaviest Build 37 | 3 29 29 37 Greatest Support 30 | 20 20 20 30 Greatest Overweight (x) 3 | . 1 1 3 Average Overweight (x) . | . . 1 1 Largest Inventory Capacity 15 | 5 15 15 15 Average Capacity 14 | 5 13 15 15 Most Carried 15 | 1 15 15 15 Average Carried 13 | . 8 15 14 Final Capacity 15 | 5 15 15 15 Final Carried 15 | 1 15 15 14 Class Distribution -------------------- 75% | Mutant 24% | Scavenger-Mutant Dominant Class ---------------- Mutant | -10/Materials Mutant | -10/Mines Mutant | -10/Subcaves Resources | -11 -10 -10 -10 ----------- Run | Yrd Mat Min Sub Matter Collected 659 | 134 91 114 320 Remotely . | . . . . Salvage Created 799 | . 103 82 614 Parts 53 | . 8 11 34 Haulers Intercepted . | . . . . Recyclers Shooed . | . . . . Parts Field Recycled . | . . . . Retrieved Matter . | . . . . Parts Self-Destructed 11 | . . . 11 Prevented . | . . . . Kills | -11 -10 -10 -10 ------- Run | Yrd Mat Min Sub Combat Hostiles Destroyed 20 | . 3 3 14 Guns 13 | . 3 3 7 Cannons 7 | . . . 7 Classes Destroyed 8 | . 3 1 4 Worker 1 | . 1 . . Recycler 1 | . . 1 . Watcher 2 | . 2 . . Swarmer 10 | . 3 3 4 Artisan 1 | . . . 1 Cobbler 1 | . . . 1 Subdweller 10 | . . . 10 Zionite 2 | . . . 2 Best Kill Streak 4 | . 4 3 4 Combat Bots Only 4 | . 3 3 4 Max Kills in Single Turn 2 | . 2 1 2 Gunslinging 1 | . . . 1 Exploded . | . . . . Melee . | . . . . Uniques/NPCs Destroyed . | . . . . Combat | -11 -10 -10 -10 -------- Run | Yrd Mat Min Sub Hostile Shots Fired 98 | . 5 6 87 Missed 31 | . 1 1 29 Damage Taken 939 | . 33 39 867 Core 254 | . 8 . 246 Absorbed by Shields . | . . . . Core Remaining (%) 100 | 100 . . . Volleys Fired 90 | . 14 6 70 Largest 2 | . 2 2 2 Hottest 140 | . 46 46 140 Shots Fired 178 | . 28 12 138 Gun 145 | . 28 12 105 Cannon 33 | . . . 33 Launcher . | . . . . Special . | . . . . Kinetic 58 | . 28 12 18 Thermal 120 | . . . 120 Explosive . | . . . . Electromagnetic . | . . . . Robot Hit Streak 20 | . 5 8 20 Robot Miss Streak 6 | . 4 6 3 Penetration Max . | . . . . Secondary Targets 3 | . 1 1 1 Max Gunslinging Chain 1 | . 1 1 1 Shots Hit Robots 103 | . 18 9 76 Core Hits 38 | . 8 5 25 Critical Kills 1 | . . . 1 Critical Parts Destroyed . | . . . . Critical Strikes 3 | . . . 3 Destroy 3 | . . . 3 Melee Attacks . | . . . . Impact . | . . . . Slashing . | . . . . Piercing . | . . . . Sneak Attacks . | . . . . Combat Hostiles . | . . . . Follow-up Attacks . | . . . . Damage Inflicted 2088 | . 263 141 1684 Guns 1438 | . 263 141 1034 Cannons 650 | . . . 650 Explosions . | . . . . Melee . | . . . . Ramming . | . . . . Kinetic 667 | . 263 141 263 Thermal 1421 | . . . 1421 Explosive . | . . . . Electromagnetic . | . . . . Impact . | . . . . Slashing . | . . . . Piercing . | . . . . Highest Corruption . | . . . . Average Corruption . | . . . . Corruption Purged . | . . . . Corruption Blocked . | . . . . Overload Shots . | . . . . Overflow Damage . | . . . . Projectiles . | . . . . Explosions . | . . . . Melee . | . . . . Knockbacks . | . . . . Impact . | . . . . Kinetic . | . . . . Secondary . | . . . . Self-Inflicted Damage . | . . . . Shots . | . . . . Rammed . | . . . . Targets Rammed . | . . . . Kicked . | . . . . Crushed . | . . . . Highest Temperature 108 | . 10 . 108 Average Temperature 37 | . 7 . 38 Received Heat Transfer 150 | . . . 150 Siege Activations . | . . . . Robots Corrupted . | . . . . Combat Hostiles . | . . . . Parts Fried . | . . . . Impact Corruptions . | . . . . Robots Melted . | . . . . Combat Hostiles . | . . . . Parts Melted 6 | . . . 6 Heat Transferred 1838 | . . . 1838 Parts Sabotaged . | . . . . Parts Stolen . | . . . . Parts Stripped . | . . . . Power Chain Reactions . | . . . . Alert | -11 -10 -10 -10 ------- Run | Yrd Mat Min Sub Peak Influence 136 | . 119 136 . Initial 46 | . . 46 . Average 90 | . 54 120 . Maximum Alert Level . | . . . . Low Security (%) 100 | 100 100 100 . Level 1 . | . . . . Level 2 . | . . . . Level 3 . | . . . . Level 4 . | . . . . Level 5 . | . . . . High Security . | . . . . Max Security . | . . . . Squads Dispatched 2 | . 2 . . Investigation . | . . . . Extermination . | . . . . Reinforcement 2 | . 2 . . Assault . | . . . . Garrison . | . . . . Intercept . | . . . . Searches Triggered . | . . . . Construction Impeded . | . . . . Haulers Reinforced . | . . . . Active Scanning Responses . | . . . . Cargo Convoy Interrupts . | . . . . Stealth | -11 -10 -10 -10 --------- Run | Yrd Mat Min Sub Distress Signals 1 | . 1 . . Communications Jammed . | . . . . Distress Signals . | . . . . Times Spotted 30 | . 6 2 22 Peak Tracking Total 4 | . 3 2 4 Tactical Retreats 2 | . . . 2 Traps | -11 -10 -10 -10 ------- Run | Yrd Mat Min Sub Traps Triggered . | . . . . Indirectly . | . . . . Trap Hack Attempts . | . . . . Triggered . | . . . . Disarmed . | . . . . Reprogrammed . | . . . . Reused . | . . . . Traps Extracted . | . . . . Installed . | . . . . Triggered . | . . . . Machines | -11 -10 -10 -10 ---------- Run | Yrd Mat Min Sub Machines Disabled . | . . . . Max in Single Turn . | . . . . Machines Repaired . | . . . . Machines Dismantled . | . . . . Machines Sabotaged . | . . . . Overloaded Fab Kills . | . . . . Hacking | -11 -10 -10 -10 --------- Run | Yrd Mat Min Sub Machines Accessed 1 | . . . 1 Terminals . | . . . . Fabricators . | . . . . Repair Stations . | . . . . Recycling Units . | . . . . Scanalyzers . | . . . . Garrison Access . | . . . . Total Hacks 9 | . . . 9 Successful 9 | . . . 9 Failed . | . . . . Catastrophic . | . . . . Database Lockouts . | . . . . Manual . | . . . . Terminals . | . . . . Fabricators . | . . . . Repair Stations . | . . . . Recycling Units . | . . . . Scanalyzers . | . . . . Garrison Access . | . . . . Terminal Hacks 9 | . . . 9 Record 8 | . . . 8 Derelict Proto ID Bank 1 | . . . 1 Fabricator Hacks . | . . . . Repair Station Hacks . | . . . . Recycling Unit Hacks . | . . . . Scanalyzer . | . . . . Garrison Access Hacks . | . . . . Unauthorized Hacks . | . . . . Terminals . | . . . . Fabricators . | . . . . Repair Stations . | . . . . Recycling Units . | . . . . Scanalyzers . | . . . . Garrison Access . | . . . . Data Cores Recovered . | . . . . Used . | . . . . Hacking Detections . | . . . . Full Trace Events . | . . . . Feedback Events . | . . . . Feedback Blocked . | . . . . Robot Schematics Acquired . | . . . . Robots Built . | . . . . Authchips . | . . . . Time . | . . . . Total Robot Build Rating . | . . . . Part Schematics Acquired . | . . . . Parts Built . | . . . . Authchips . | . . . . Time . | . . . . Total Part Build Rating . | . . . . Parts Repaired . | . . . . Time . | . . . . Parts Recycled . | . . . . Recycled Matter . | . . . . Retrieved Matter . | . . . . Retrieved Components . | . . . . Parts Scanalyzed . | . . . . Part Schematics Acquired . | . . . . Parts Damaged . | . . . . Bothacking | -11 -10 -10 -10 ------------ Run | Yrd Mat Min Sub Used RIF Installer . | . . . . Robots Hacked . | . . . . Non-combat . | . . . . Combat . | . . . . Robot Hacks Applied . | . . . . Relay Couplers Released . | . . . . Fabnet Peak Effective % . | . . . . Robots Rewired . | . . . . Allies Hacked . | . . . . Hacks Repelled . | . . . . Allies | -11 -10 -10 -10 -------- Run | Yrd Mat Min Sub Total Allies . | . . . . Largest Group . | . . . . Highest-Rated Group . | . . . . Highest-Rated Ally . | . . . . Total Orders . | . . . . Ally Attacks . | . . . . Total Damage . | . . . . Kills . | . . . . Allies Corrupted . | . . . . Allies Melted 1 | . . 1 . Intel | -11 -10 -10 -10 ------- Run | Yrd Mat Min Sub Robot Analysis Total . | . . . . Derelict Logs Recovered 1 | . . . 1 Drone Launches . | . . . . Drone Recoveries . | . . . . Exploration | -11 -10 -10 -10 ------------- Run | Yrd Mat Min Sub Turns Passed 2238 | 35 282 441 1480 Spaces Moved 1515 | 39 228 83 1165 Core 4 | 4 . . . Treads . | . . . . Legs . | . . . . Wheels 1511 | 35 228 83 1165 Hover . | . . . . Flight . | . . . . Fastest Speed 50 | 50 80 95 95 Average Speed 99 | 76 91 95 102 Slowest Speed 125 | 80 95 95 125 Overloaded Moves . | . . . . Propulsion Burnouts . | . . . . Robots Hopped . | . . . . Cave-ins Triggered . | . . . . Exploration Rate (%) 30 | 3 35 23 60 Regions Visited 3 Branch Regions 2 Pre-discovered Areas 2 | . . . 2 Known Exits Taken . | . . . . Unknown Exits Taken 3 | 1 1 1 . Scrap Searched 5 | . . 1 4 Spaces Dug . | . . . . Terrain Destroyed 2 | . . . 2 Melee . | . . . . Projectile 2 | . . . 2 AOE . | . . . . Terrain Rammed . | . . . . Walls Destroyed . | . . . . Machines Disabled . | . . . . Actions | -11 -10 -10 -10 --------- Run | Yrd Mat Min Sub Total 2063 | 42 270 433 1318 Wait 395 | . 11 345 39 Move 1512 | 38 227 82 1165 Hop . | . . . . Pick Up 25 | 1 14 . 10 Fast Attach 15 | 3 4 . 8 Attach 7 | . . . 7 Detach 2 | . . . 2 Swap 4 | . . . 4 Drop 13 | . . . 13 Fire 90 | . 14 6 70 Melee . | . . . . Ram . | . . . . Kick . | . . . . Crush . | . . . . Escape Stasis . | . . . . Rewire . | . . . . Trap . | . . . . Miscellaneous . | . . . . Route ------- -11/Scrapyard -10/Materials -10/Mines -10/Subcaves (discovered 2 exits: *Mat x2) History --------- Turn | Location | Event 8 | -11/Scrapyard | Discovered new exit (range 15) 36 | -11/Scrapyard | Entered Materials 164 | -10/Materials | Discovered new exit (range 9) 302 | -10/Materials | Build established: Mutant 318 | -10/Materials | Entered Mines 319 | -10/Mines | Assembled infested the area 362 | -10/Mines | Met a Derelict bent on vengeance 758 | -10/Mines | Discovered new exit (range 3) 759 | -10/Mines | Entered Subcaves 997 | -10/Subcaves | Lost 4 parts (2n1u1w) 1190 | -10/Subcaves | Ambushed by Subdweller buried in earth 1249 | -10/Subcaves | Discovered new exit (range 10) 1331 | -10/Subcaves | Core integrity fell below 50% 1465 | -10/Subcaves | Learned location of Zion (-6) 1761 | -10/Subcaves | Discovered new exit (range 14) 1767 | -10/Subcaves | Shifting Twisted Machinery released Battle Rifle 1771 | -10/Subcaves | Shifting Twisted Machinery released Barrage Gun 1882 | -10/Subcaves | Visited 4L-MR0's lab 1954 | -10/Subcaves | Met a Zionite searching for "candidates" 1971 | -10/Subcaves | Build established: Scavenger-Mutant 2013 | -10/Subcaves | Identified exit to Materials 2119 | -10/Subcaves | Shifting Twisted Machinery released Mak. Axe 2121 | -10/Subcaves | Shifting Twisted Machinery released Mak. Laser 2219 | -10/Subcaves | Core integrity fell below 20% 2239 | -10/Subcaves | Destroyed by Autobeam Turret with Autobeam Last Messages --------------- 02024_ Sub. Power Source shoots sparks and powers down. 02025_ Dropped Broken Sub. Power Source. 02044_ Acquired 20 matter. 02049_ Acquired Sub. Machine Gun. Mak. Axe falls loose from the Twisted Machinery. Mak. Laser falls loose from the Twisted Machinery. 02224_ S-10 Pest destroyed. 02231_ Lgt. Assault Rifle fries itself beyond repair. 02234_ Flight Unit melted. 02234_ S-10 Pest destroyed. 02234_ Switching to secondary target: S-10 Pest. 02234_ S-10 Pest destroyed. 02235_ Flight Unit fries itself beyond repair. 02237_ Acquired 14 matter. 02238_ Acquired 12 matter. 02239_ Lgt. Ion Engine destroyed. Map ----- +----------------------------------------------------+ | | | | | ?????????????????????????????????????????????????? | | ?????????????????????????????????????????????????? | | ?????????????????????????????????????????????????? | | ?????????????????????????????????????????????????? | | ?????????????????????????????????????????????????? | | ?????????????????????????????????????????????????? | | ?????????????????????????????????????????????????? | | ?????????????????????????????????????????????????? | | ?????????????????????????????????????????????????? | | ?????????????????????????????????????????????????? | | ?????????????????????????????????????????????????? | | ?????????????????????????????????????????????????? | | ?????????????????????????????????????????????????? | | ?????????????????????????????????????????????????? | | ????????????????####?????????????????????????????? | | ??????????????###" ####??#####???????????####????# | | ??####?###?####"""" ####"# ###??######## #???## | | ?## ### ### """" %| #??# # ##??## | | ?# =## # ##### ## ##??# | | ### # #### # """[& ###### # ### ##?# | | ########### ##%###### ### ### | | ###?## ##??##" #*!"#[#*# # ## # | | ###???# #???##" "" %=## ###### ## # | | ??????# ##???#"" ""# #@ = #????## ### # | | ??????#/ ##????## ##### % #????## ##?## | | ??????#" ####???# ###### # ##???# ##??# | | ??????#" ##"##### ## # # #???# #### | | ??????#" ###?# ## | | ??????#" """"" #### ### | | ?????##" """"" ## # # #### ## | | ?????#"" """"########### ## ### "" | | ?????#"" """"##?????????# ### "" | | ?????##"" "##??????????# #?# "" " | | ??????# [ ##???????????# #?## "" "# | | ??????######???????????? ??## "" ""# | | ???????????????????????? ??## ### "" ## " | | ???????????????????????? ??# ##?### " ## ""# | | ???????????????????????? t t "#?###???## ""## "## | | ???????????????????????? " " "#???????# " "# "## | | ?????????????????????????????""#??????## """"# "[! | | ??????????????????????????????##?????## """"#"" %% | | ?????????????????????????????????????# """##" & | | ?????????????????????????????????????# " ###### | | ?????????????????????????????????????#### | #???## | | ???????????????????????????????????????# #????? | | ???????????????????????????????????????## ##???## | | ???????????????????????????????????????# #???# | | ???????????????????????????????????????## #???## | +----------------------------------------------------+ Best States ------------- Heat Dissipation 25 Energy Generation 15 Energy Capacity 200 Matter Stores 300 Matter Capacity 300 Sight Range 16 Terrain Scan Density 10 Evasion (%) 44 Targeting Accuracy 5 Item Schematics ----------------- None Robot Schematics ------------------ None Fabricated ------------ Nothing Alien Tech Used ----------------- None Achievements -------------- None Challenges ------------ None Game ------ Seed gottagofast Manual? 1 Play Time 00:19:09 Cumulative 155.8 hours Start 2024.06.02 @ 19:25:18 End 2024.06.02 @ 19:50:13 Sessions 1 Manual Loads 0 Difficulty Rogue Special Mode None Game No. 151 Rogue 151 Adventurer 0 Explorer 0 Win Type - Total 9 Types 8/0/0/1/0/0/0/0/0 Lore% 67 Gallery% 78 Achievement% 64 Wizard Run 0 Options --------- Layout 1 ASCII 0 Keyboard 0 Movement Numpad Keybinds 0 Fullscreen 1 Font 24/Smallcaps Map View 50x35 Zoom Use 0% Tactical HUD 1 Map Filters NONE Filters NONE Steam 1 RUN: 95dce7da-a9ab-4361-bebe-2cba266b1c02